 Dungeon Crawl Stone Soup version 0.28-a0-401-ge240ad9e29 (webtiles) character file.

Game seed: 2081811690786687608

100 mistaj the Skirmisher (level 4, -2/25 HPs)
             Began as a Vine Stalker Fighter on Sept 4, 2021.
             Slain by an ogre (16 damage)
             ... on level 2 of the Dungeon.
             The game lasted 00:02:46 (2016 turns).

mistaj the Skirmisher (Vine Stalker Fighter)        Turns: 2016, Time: 00:02:47

Health: -2/25      AC:  7    Str: 19    XL:     4   Next: 73%
Magic:  0/5        EV:  9    Int:  9    God:
Gold:   51         SH:  5    Dex: 19    Spells: 3/3 levels left

rFire   . . .      SeeInvis .     - Unarmed
rCold   . . .      Faith    .   b - +0 buckler
rNeg    . . .      Spirit   +   a - +0 scale mail
rPois   .          Reflect  .   k - +0 helmet
rElec   .          Harm     .   (no cloak)
rCorr   .          Rampage  .   (no gloves)
Will    .....                   (no boots)
Stlth   ..........              (no amulet)
HPRegen 1.08/turn               f - +6 ring of dexterity
MPRegen 0.09/turn               (no ring)

@: no status effects
A: fangs 2, regeneration 1, magic shield, antimagic bite, no potion heal 2
a: no special abilities


You were on level 2 of the Dungeon.
You visited 1 branch of the dungeon, and saw 2 of its levels.

You collected 51 gold pieces.

Inventory:

Hand Weapons
 g - a +1 whip of electrocution
Armour
 a - a +0 scale mail (worn)
 b - a +0 buckler (worn)
 k - a +0 helmet (worn)
Jewellery
 f - a +6 ring of dexterity (left hand)
Potions
 c - a potion of might
 d - a potion of heal wounds {unknown}
 e - a potion of flight {unknown}
 h - 3 potions of brilliance {unknown}
 i - a potion of ambrosia {unknown}


   Skills:
 + Level 3.9 Fighting
 - Level 2.4 Armour
 - Level 2.6 Shields
 + Level 3.6 Unarmed Combat


You had 3 spell levels left.
You didn't know any spells.
Your spell library contained the following spells:

 Spells                   Type           Power      Damage    Failure   Level
 Animate Skeleton         Necr           0%         N/A       82%         1
 Apportation              Tloc           0%         N/A       82%         1
 Corona                   Hex            0%         N/A       82%         1
 Summon Small Mammal      Summ           0%         N/A       82%         1
 Ignite Poison            Fire/Tmut/Pois 0%         N/A       99%         3
 Mephitic Cloud           Conj/Pois/Air  0%         N/A       99%         3
 Freezing Cloud           Conj/Ice/Air   0%         6-21      100%        5


Dungeon Overview and Level Annotations

Branches:
Dungeon (2/15)

Altars:


Innate Abilities, Weirdness & Mutations

You have extremely sharp teeth.
Your natural rate of healing is unusually fast.
When hurt, damage is shared between your health and your magic reserves.
Your bite disrupts and absorbs the magic of your enemies.
Potions cannot restore your health.


Message History

The frilled lizard closely misses you.
You closely miss the frilled lizard. Your bite misses the frilled lizard.
You block the frilled lizard's attack.
You barely miss the frilled lizard. You block the frilled lizard's attack.
You hit the frilled lizard.
You kill the frilled lizard!
No target in view!
No target in view!
A rat comes into view.
The rat bites you but does no damage.
You hit the rat.
You kill the rat!
No target in view!
No target in view!
No target in view!
An ogre comes into view. It is wielding a +0 giant club.
Found 20 stones.
The ogre shouts!
You hear an angry hiss.
The ogre moves out of view.
You see here a rat corpse.
A ball python comes into view.
The ball python hisses angrily.
A rat comes into view.
You see here a rat corpse.
You hit the ogre but do no damage. Your bite misses the ogre.
The ogre hits you with a +0 giant club!
You hit the ogre but do no damage. You bite the ogre. You drain its power.
You feel invigorated.
The ogre is lightly wounded.
You hit the ogre. You bite the ogre. You drain its power.
The ogre is moderately wounded.
The ogre barely misses you.
You hit the ogre. You bite the ogre. You drain its power.
The ogre is severely wounded.
The ogre hits you with a +0 giant club!
You hit the ogre. You bite the ogre. You drain its power.
You feel invigorated.
The ogre is almost dead.
The ogre hits you with a +0 giant club!!
Ouch! That really hurt!
You die...

#> ##...... #.#
#.##.##S ...
#...##r #.#
#.###..... #.#
##### #.#.####. #.#
##...## #.#####.
#.# ##r###.##
#..r.rS. #.# #O##
##.###.#####. #.#
#@# #.r.........
#.# #)##
##.###.####..
#####.# #.)###)##
#... #..
####.....###.#)))##
#.......
#............#####
####.#.#
#.##.######### ....
#.# ..# #.# .#
#.#########


You could see an ogre and a rat.

Vanquished Creatures
  Jessica (D:2)
  Robin (D:2)
  2 adders (D:2)
  An adder skeleton (D:2)
  A worm (D:2)
  2 ball pythons
  2 endoplasms
  A giant cockroach (D:1)
  7 goblins (D:2)
  6 hobgoblins
  5 kobolds
  2 quokkas (D:2)
  3 bats
  2 frilled lizards (D:2)
  3 rats
39 creatures vanquished.

Notes
Turn   | Place    | Note
-------+----------+-------------------------------------------
     0 | D:1      | mistaj the Vine Stalker Fighter began the quest for the
                  | Orb.
     0 | D:1      | Reached XP level 1. HP: 11/11 MP: 2/2
   235 | D:1      | Reached XP level 2. HP: 7/16 MP: 1/3
  1000 | D:2      | Found a faded altar of an unknown god.
  1240 | D:2      | Reached XP level 3. HP: 10/20 MP: 2/4
  1853 | D:2      | Noticed Jessica
  1860 | D:2      | Killed Jessica
  1861 | D:2      | Gained mutation: Your natural rate of healing is unusually
                  | fast. [Vine Stalker growth]
  1861 | D:2      | Reached XP level 4. HP: 17/25 MP: 3/5
  1884 | D:2      | Noticed Robin
  1896 | D:2      | Killed Robin
  1979 | D:2      | Noticed an ogre
  2016 | D:2      | Slain by an ogre

Illustrated notes

Levels and vault maps discovered:
D:1:      saegor_arrival_simple_e, layout_basic, interstate_on_off
D:2:      layout_loops_ring, serial_glass, glass_columns_a, glass_columns_c,
          dreamdust_ecumenical_altar_statues, uniq_robin, uniq_jessica

Skill      XL: |  1  2  3 |
---------------+----------+-----
Fighting       | 3 |  3.9
Unarmed Combat | 3 |  3.6
Armour         | |  2.4
Shields        | |  2.6

Action                   |  1- 3 |  4- 6 || total
-------------------------+-------+-------++-------
Melee: Unarmed           |   103 |    40 ||   143
       Bite              |    28 |    14 ||    42
Armor: Scale mail        |    35 |     8 ||    43
Dodge: Dodged            |    41 |     7 ||    48
Block: Buckler           |    15 |     8 ||    23

Table legend: (Time is in decaauts)
 A = Elapsed time spent in this place.
 B = Non-inter-level travel time spent in this place.
 C = Inter-level travel time spent in this place.
 D = Time resting spent in this place.
 E = Time spent auto-exploring this place.
 F = Levels seen in this place.
 G = Mean time per level.
                   A        B        C        D        E       F      G
               +--------+--------+--------+--------+--------+-----+--------+
         Total |   2013 |   2008 |      5 |    924 |    733 |   2 | 1006.5 |
       Dungeon |   2013 |   2008 |      5 |    924 |    733 |   2 | 1006.5 |
               +--------+--------+--------+--------+--------+-----+--------+

Top non-repeatable levels by time:
     D:1: 1121 daAuts
     D:2: 891 daAuts
